 Dungeon Crawl Stone Soup version 0.31-a0-162-gc4c5a43528 (webtiles) character file.

Game seed: 9495557836516127483

198 qw the Chopper (level 5, -2/32 HPs)
             Began as a Gargoyle Fighter on June 12, 2023.
             Slain by a gnoll bouda
             ... wielding a +0 whip
              (5 damage)
             ... on level 4 of the Dungeon.
             The game lasted 00:01:32 (3414 turns).

qw the Chopper (Gargoyle Fighter)                   Turns: 3414, Time: 00:01:32

Health: -2/32      AC: 10    Str: 22    XL:     5   Next: 77%
Magic:  5/5        EV:  9    Int:  8    God:
Gold:   209        SH:  4    Dex:  9    Spells: 4/4 levels left

rFire   . . .        Y - +0 war axe
rCold   . . .        c - +0 buckler
rNeg    + + .        b - +0 scale mail
rPois   inf          (no helmet)
rElec   +            (no cloak)
rCorr   +            (no gloves)
SInv    .            (no boots)
Will    .....        (no amulet) Stlth
                     f - ring of resist corrosion
HPRegen 0.25/turn    m - ring of positive energy
MPRegen 0.09/turn

%: no passive effects
@: weakened
A: sickness immunity, AC +4, negative energy resistance 1, electricity
resistance, torment resistance 1, petrification resistance
a: no special abilities


You were on level 4 of the Dungeon.
You visited 1 branch of the dungeon, and saw 4 of its levels.

You collected 209 gold pieces.


Innate Abilities, Weirdness & Mutations

You are immune to sickness and miasma.
Your stone body is resilient. (AC +4)
You are immune to poison.
You resist negative energy. (rN+)
You are resistant to electric shocks. (rElec)
You are resistant to unholy torment.
You are immune to petrification.


   Skills:
 + Level 3.2 Fighting
 - Level 5.0 Axes
 - Level 1.2 Throwing
 - Level 3.2 Armour
 - Level 3.2 Shields


You had 4 spell levels left.
You didn't know any spells.
Your spell library was empty.

Inventory:

Hand Weapons
 i - a +0 mace
 Y - a +0 war axe (weapon)
Armour
 b - a +0 scale mail (worn)
 c - a +0 buckler (worn)
Jewellery
 f - a ring of resist corrosion (left hand)
 j - a ring of fire
 m - a ring of positive energy (right hand)
Wands
 n - a wand of digging (2)
Scrolls
 h - a scroll of identify
Potions
 a - a potion of curing
 d - a potion of might
 g - a potion of magic
 l - a potion of lignification {unknown}

Dungeon Overview and Level Annotations

Branches:
Dungeon (4/15)
 Temple: D:4-7

Altars:
Yredelemnul

Shops:
D:3 =


Message History

You kill the gnoll!
Your Axes skill increases to level 5!
A gnoll comes into view. It is wielding a +0 halberd.
The gnoll bouda barely misses you.
Things that are here:
a +0 whip; a gnoll corpse You hit the gnoll bouda.
The gnoll bouda is lightly wounded.
The gnoll bouda hits you with a +0 whip.
The gnoll hits you from afar with a +0 halberd.
You slash the gnoll bouda!
The gnoll bouda is heavily wounded.
The gnoll bouda gazes fiercely through you!
You feel your attacks grow feeble. The gnoll bouda barely misses you.
The gnoll hits you but does no damage. The gnoll bouda completely misses you.
A goblin comes into view. It is wielding a +0 club.
The gnoll hits you from afar with a +0 halberd!
The goblin shouts!
You hit the gnoll bouda.
The gnoll bouda is severely wounded.
A gnoll comes into view. It is wielding a +0 spear.
The gnoll bouda gazes fiercely through you!
You feel as though you will be weak longer.
You block the gnoll's attack.
You hit the gnoll bouda but do no damage.
The gnoll bouda is severely wounded.
The gnoll bouda hits you with a +0 whip.
The gnoll hits you from afar with a +0 halberd.
You barely miss the gnoll bouda.
The gnoll bouda is severely wounded.
You block the gnoll's attack. The gnoll bouda misses you.
The gnoll barely misses you.
The gnoll hits you from afar with a +0 spear.
The gnoll bouda hits you with a +0 whip.
You hit the gnoll bouda.
The gnoll bouda is almost dead.
You block the gnoll's attack. The gnoll closely misses you.
The gnoll bouda hits you with a +0 whip.
You die...

# #(
#.#g########.
#..g.g$g.....
#@# #.# #.#
#.# #<# #.#
#.# #.. ...


You could see a gnoll bouda, 2 gnolls and a goblin.

Vanquished Creatures
  7 adders
  4 gnolls
  2 worms
  4 dart slugs
  2 orcs (D:3)
  9 ball pythons
  5 endoplasms
  2 giant cockroaches (D:2)
  7 hobgoblins
  3 jackals (D:3)
  5 kobolds
  4 quokkas (D:1)
  10 bats
  2 frilled lizards
  6 goblins
  7 rats
79 creatures vanquished.

Notes
Turn   | Place    | Note
-------+----------+-------------------------------------------
     0 | D:1      | qw the Gargoyle Fighter began the quest for the Orb.
     0 | D:1      | Reached XP level 1. HP: 14/14 MP: 1/1
     0 | D:1      | 0 ||| qw: Version: 0.2-a-29-gc1b59c4
     0 | D:1      | 0 ||| qw: Game counter: 4321
     0 | D:1      | 0 ||| qw: Always use a shield: true
     0 | D:1      | 0 ||| qw: God list: Okawaru
     0 | D:1      | 0 ||| qw: Allow faded altars: false
     0 | D:1      | 0 ||| qw: Do Orc after D:15 true
     0 | D:1      | 0 ||| qw: Do second Lair branch before Depths: true
     0 | D:1      | 0 ||| qw: Lair rune preference: random
     0 | D:1      | 0 ||| qw: Plans: Normal, Zot:1-4, Slime:5, God:TSO, Crypt,
                  | Tomb, Abyss, Pan, Hells, Win
     0 | D:1      | 0 ||| PLANNING D:1-11
    44 | D:1      | Reached skill level 2 in Axes
   140 | D:1      | Found a faded altar of an unknown god.
   155 | D:1      | Reached XP level 2. HP: 19/19 MP: 2/2
   224 | D:1      | 224 ||| Stepping ~*~*~tactically~*~*~ (stealth).
   231 | D:1      | 231 ||| Stepping ~*~*~tactically~*~*~ (stealth).
   270 | D:1      | 270 ||| Stepping ~*~*~tactically~*~*~ (hiding).
   452 | D:1      | 452 ||| DROPPING +0 club.
   524 | D:1      | Reached skill level 3 in Axes
   607 | D:1      | Reached XP level 3. HP: 22/23 MP: 3/3
   955 | D:1      | 955 ||| UPGRADING to ring of resist corrosion.
   956 | D:1      | 956 ||| READING scroll labelled TASHYGY EMNEPP.
   957 | D:1      | 957 ||| READING scroll labelled TEEDDA UGUBEL.
  1174 | D:2      | 1174 ||| Stepping ~*~*~tactically~*~*~ (hiding).
  1371 | D:2      | 1371 ||| Stepping ~*~*~tactically~*~*~ (stealth).
  1706 | D:2      | Reached XP level 4. HP: 23/28 MP: 4/4
  1746 | D:2      | Reached skill level 4 in Axes
  2085 | D:2      | 2085 ||| READING 3 scrolls labelled TICA RIKLELE.
  2086 | D:2      | 2086 ||| READING scroll labelled HAASCH CAG HAUBA.
  2087 | D:2      | 2087 ||| READING 2 scrolls of identify.
  2087 | D:2      | 2087 ||| IDENTIFYING purple potion
  2088 | D:2      | 2088 ||| DROPPING 2 scrolls of fear.
  2272 | D:3      | 2272 ||| Stepping ~*~*~tactically~*~*~ (hiding).
  2274 | D:3      | 2274 ||| Stepping ~*~*~tactically~*~*~ (hiding).
  2475 | D:3      | Reached skill level 1 in Throwing
  2578 | D:3      | Found Ywka Usu's Jewellery Boutique.
  2590 | D:3      | 2590 ||| SHOPLISTING +5 ring of evasion (396 gold, have
                  | 164).
  2590 | D:3      | 2590 ||| SHOPLISTING +6 ring of dexterity (396 gold, have
                  | 164).
  2590 | D:3      | 2590 ||| SHOPLISTING amulet of reflection (330 gold, have
                  | 164).
  2590 | D:3      | 2590 ||| SHOPLISTING ring of protection from fire (275
                  | gold, have 164).
  2660 | D:3      | 2660 ||| FLEEEEING.
  2671 | D:3      | 2671 ||| Stepping ~*~*~tactically~*~*~ (hiding).
  2672 | D:3      | 2672 ||| Stepping ~*~*~tactically~*~*~ (hiding).
  2680 | D:3      | Reached XP level 5. HP: 32/32 MP: 5/5
  2785 | D:3      | 2785 ||| Stepping ~*~*~tactically~*~*~ (stealth).
  2788 | D:3      | 2788 ||| Stepping ~*~*~tactically~*~*~ (stealth).
  2947 | D:3      | Found a basalt altar of Yredelemnul.
  3062 | D:3      | 3062 ||| Stepping ~*~*~tactically~*~*~ (stealth).
  3063 | D:3      | 3063 ||| Stepping ~*~*~tactically~*~*~ (stealth).
  3379 | D:3      | 3379 ||| UPGRADING to ring of positive energy.
  3380 | D:3      | 3380 ||| READING scroll labelled QAOTWE SIKA.
  3381 | D:3      | 3381 ||| READING 2 scrolls of identify.
  3381 | D:3      | 3381 ||| IDENTIFYING grey potion
  3408 | D:4      | Reached skill level 5 in Axes
  3413 | D:4      | HP: 6/32 [gnoll/+0 spear[a gnoll bouda] (5)]
  3414 | D:4      | Slain by a gnoll bouda

Levels and vault maps discovered:
D:1:      lightli_arrival_flooded_house, layout_basic,
          hellmonk_ecumenical_altar_crossroads
D:2:      minmay_diamond_boxcup, layout_loops_corners, minmay_shallow_snake_nest
D:3:      layout_basic, mainiacjoe_overflow_small_starburst, serial_shops, shop,
          serial_curves, eino_curves_01, eino_curves_03, eino_curves_04,
          eino_curves_03, kennysheep_generic_room_6
D:4:      layout_basic, minmay_temple_entry_gardened_gates, serial_shops,
          nicolae_shop_real_fake_doors, nicolae_shop_drivethru, uniq_duvessa

Skill      XL: |  1  2  3  4  5 |
---------------+----------------+-----
Axes           | 2 3 4 5 |  5.0
Throwing       | 1 |  1.2
Fighting       | |  3.2
Armour         | |  3.2
Shields        | |  3.2

Action                     |  1- 3 |  4- 6 || total
---------------------------+-------+-------++-------
  Melee: War axe           |    97 |   144 ||   241
  Throw: Javelin           |       |    17 ||    17
    Use: Scroll            |     2 |     5 ||     7
 Armour: Scale mail        |    40 |    81 ||   121
  Dodge: Dodged            |    39 |    66 ||   105
  Block: Buckler           |    16 |    33 ||    49

Table legend:
 A = Non-vault XP
 B = Vault XP
 C = Vault XP percentage of total XP
 D = Non-vault monster count
 E = Vault monster count
 F = Vault count percentage of total count
                 A         B        C        D         E       F
            +---------+---------+-------+---------+---------+-------
      Total |     219 |      65 |  22.9 |      64 |      15 |  19.0
            +---------+---------+-------+---------+---------+-------
        D:1 |      48 |       0 |   0.0 |      27 |       0 |   0.0
        D:2 |      12 |      52 |  81.2 |       5 |      14 |  73.7
        D:3 |     144 |      13 |   8.3 |      31 |       1 |   3.1
        D:4 |      15 |       0 |   0.0 |       1 |       0 |   0.0
            +---------+---------+-------+---------+---------+-------
